 Dungeon Crawl Stone Soup version 0.19.0-9-gfd783f2 (webtiles) character file.

182 tv1990 the Bolt Thrower (level 5, -1/41 HPs)
             Began as a Formicid Arcane Marksman on Nov 7, 2016.
             Slain by a worker ant (4 damage)
             ... on level 5 of the Dungeon.
             The game lasted 00:11:14 (3319 turns).

tv1990 the Bolt Thrower (Formicid Arcane Marksman)  Turns: 3319, Time: 00:11:14

Health: -1/41      AC:  8    Str: 15    XL:     5   Next: 93%
Magic:  6/6        EV: 11    Int: 13    God:
Gold:   261        SH:  2    Dex: 16    Spells: 1 memorised, 5 levels left

rFire  . . .     SeeInvis +     a - +0 hand crossbow
rCold  . . .     Gourm    .     h - +0 chain mail
rNeg   . . .     Faith    .     C - -2 buckler (curse)
rPois  .         Spirit   .     (helmet unavailable)
rElec  .         Reflect  .     (no cloak)
rCorr  .         Harm     .     (no gloves)
MR     .....                    (no boots)
Stlth  ..........               k - amulet of inaccuracy (curse)
                                (no ring)
                                n - ring of stealth

@: agile, lethally poisoned (-1 -> -13), drained
A: permanent stasis, dig shafts and tunnels, four strong arms, antennae 3
a: Dig, Shaft Self


You were on level 5 of the Dungeon.
You were hungry.

You visited 1 branch of the dungeon, and saw 5 of its levels.

You collected 261 gold pieces.

Inventory:

Hand Weapons
 a - a +0 hand crossbow (weapon)
 b - a +0 dagger
 i - a +2 mace of draining
 y - a +0 quarterstaff
Missiles
 d - 16 bolts (quivered)
Armour
 e - a +0 robe
 h - a +0 chain mail (worn)
 j - a +0 shield
 v - a +1 leather armour of cold resistance
 C - a cursed -2 buckler (worn)
Jewellery
 k - a cursed amulet of inaccuracy (around neck)
 n - a ring of stealth (left hand)
 s - an uncursed amulet of guardian spirit {unknown}
 B - an uncursed amulet of harm {unknown}
Scrolls
 p - 4 scrolls of amnesia
 w - 3 scrolls of recharging {unknown}
 A - 2 scrolls of noise
Potions
 g - a potion of brilliance
 l - a potion of cure mutation
 q - a potion of haste
 r - a potion of ambrosia {unknown}
 u - a potion of flight {unknown}
 x - a potion of heal wounds {unknown}
Books
 c - a book of Debilitation

   Spells                             Type                      Level
   a - Corona                         Hexes                        1
   b - Slow                           Hexes                        2
   c - Gell's Gravitas                Hexes/Translocation          3
   d - Inner Flame                    Hexes/Fire                   3
   e - Cause Fear                     Hexes                        4
   f - Leda's Liquefaction            Hexes/Earth                  4
Comestibles
 f - 2 bread rations
 o - 4 meat rations
 t - a beef jerky
 z - a slice of pizza


   Skills:
 + Level 3.2(2.3) Fighting
 * Level 4.0(3.1) Crossbows
 - Level 1.7(0.9) Dodging
 + Level 2.8(2.0) Shields
 - Level 1.1(0.3) Spellcasting
 - Level 3.6(2.7) Hexes


You had 5 spell levels left.
You knew the following spells:

 Your Spells              Type           Power        Failure   Level  Hunger
a - Corona                Hex            #......      100%        1    ##.....


Dungeon Overview and Level Annotations

Branches:
Dungeon (4/15)
 Temple: D:4-7

Altars:
Kikubaaqudgha
Sif Muna
Uskayaw

Annotations:
D:3 Grinder
D:4 Menkaure


Innate Abilities, Weirdness & Mutations

You are under a permanent stasis effect.
You can dig through walls and to a lower floor.
Your four strong arms can wield two-handed weapons with a shield.
You have a pair of large antennae on your head. (SInv)


Message History

You shoot a bolt. The bolt misses the worker ant.
The bolt hits the hound skeleton!
The hound skeleton is severely damaged.
* * * LOW HITPOINT WARNING * * *
You feel sick. The worker ant bites you.
* * * LOW HITPOINT WARNING * * *
You are more poisoned.
The worker ant poisons you! The worker ant closely misses you.
It was a potion of cure mutation.
It has a very clean taste.
* * * LOW HITPOINT WARNING * * *
You feel sick.
The worker ant bites you but does no damage.
It was a potion of agility.
You feel agile all of a sudden.
* * * LOW HITPOINT WARNING * * *
You feel sick. You block the worker ant's attack.
It was a potion of haste.
Your stasis keeps you stable.
* * * LOW HITPOINT WARNING * * *
You feel sick. The worker ant misses you. The worker ant bites you.
You die...

.... .....
....o############
...>...(........########
#.....................
....##o##.....#.#######
. #Z##.....#.# #
#a##.....#.## #
#@##.....#..# #
#.##.....##.######
#..+...[.+........
####.....###.#####
#.......### #.# #
#.#####.# #.# # #.# #..
# #+# ##. # .# #


You could see a worker ant, an orc and a hound skeleton.

Vanquished Creatures
  Natasha (thrice) (D:3)
  3 adders
  An adder zombie (D:5)
  2 worms
  2 dart slugs (D:1)
  3 leopard geckos
  7 orcs (D:3)
  3 bats
  3 giant cockroaches
  3 goblins
  3 hobgoblins
  6 jackals
  A quokka (D:3)
  2 ball pythons
  6 frilled lizards
  5 kobolds
  7 rats
60 creatures vanquished.

Notes
Turn   | Place    | Note
-------+----------+-------------------------------------------
     0 | D:1      | tv1990 the Formicid Arcane Marksman began the quest for the Orb.
     0 | D:1      | Reached XP level 1. HP: 15/15 MP: 2/2
    37 | D:1      | Reached XP level 2. HP: 20/21 MP: 3/3
   522 | D:1      | Reached XP level 3. HP: 23/27 MP: 4/4
  1088 | D:2      | Reached skill level 3 in Crossbows
  1178 | D:2      | Reached skill level 1 in Shields
  1415 | D:2      | Found a deep blue altar of Sif Muna.
  1476 | D:3      | Noticed Grinder
  1673 | D:3      | Reached XP level 4. HP: 29/34 MP: 5/5
  2336 | D:3      | Found an ancient bone altar of Kikubaaqudgha.
  2371 | D:3      | Noticed Natasha
  2390 | D:3      | Killed Natasha
  2390 | D:3      | Reached XP level 5. HP: 9/40 MP: 6/6
  2768 | D:3      | Noticed Natasha
  2772 | D:3      | Killed Natasha
  2875 | D:3      | Noticed Natasha
  2876 | D:3      | Killed Natasha
  2876 | D:3      | Reached skill level 4 in Crossbows
  2941 | D:3      | Found a hide-covered altar of Uskayaw.
  2944 | D:3      | Noticed a hand axe
  2945 | D:3      | Noticed a dagger
  3051 | D:4      | Noticed Menkaure
  3102 | D:4      | You fall through a shaft!
  3102 | D:5      | Entered Level 5 of the Dungeon
  3319 | D:5      | Slain by a worker ant

Skill      XL: |  1  2  3  4  5 |
---------------+----------------+-----
Fighting       | 2 3 |  3.2
Crossbows      | 3 4 |  4.0
Shields        | 1 2 |  2.8
Dodging        | |  1.7
Spellcasting   | |  1.1
Hexes          | |  3.6

Action                   |  1- 3 |  4- 6 || total
-------------------------+-------+-------++-------
Melee: Unarmed           |     7 |       ||     7
       Dagger            |    73 |    10 ||    83
       Quarterstaff      |       |    23 ||    23
       Mace              |       |     3 ||     3
 Fire: Hand crossbow     |    77 |    80 ||   157
 Abil: Dig               |     1 |     3 ||     4
       Shaft Self        |       |     1 ||     1
  Use: Scroll            |     4 |     1 ||     5
       Potion            |       |     5 ||     5
 Stab: Sleeping          |       |     1 ||     1
  Eat: Chunk             |     2 |     6 ||     8
Armor: Robe              |    19 |     5 ||    24
       Chain mail        |       |    17 ||    17
       Leather armour    |       |     1 ||     1
Dodge: Dodged            |    76 |    44 ||   120
Block: Buckler           |       |     2 ||     2

Table legend:
 A = Turns spent in this place as a percentage of turns spent in the entire game.
 B = Non-inter-level travel turns spent in this place as a percentage of non-inter-level travel turns spent in the entire game.
 C = Inter-level travel turns spent in this place as a percentage of turns spent in this place.
 D = Turns resting spent in this place as a percentage of non-inter-level travel turns spent in this place.
 E = Turns spent auto-exploring this place as a percentage of non-inter-level travel turns spent in this place.
 F = Non-inter-level travel turns spent in this place divided by the number of levels of this place that you've seen.
                   A       B       C       D       E      F
               +-------+-------+-------+-------+-------+----------------------
         Total | 100.0 | 100.0 |   0.7 |   4.6 |  15.6 | 147.6
       Dungeon | 100.0 | 100.0 |   0.7 |   4.6 |  15.6 | 147.6
               +-------+-------+-------+-------+-------+----------------------

Table legend:
 A = Kills in this place as a percentage of kills in entire the game.
 B = Kills by you in this place as a percentage of kills by you in the entire game.
 C = Kills by friends in this place as a percentage of kills by friends in the entire game.
 D = Other kills in this place as a percentage of other kills in the entire game.
 E = Experience gained in this place as a percentage of experience gained in the entire game.
 F = Experience gained in this place divided by the number of levels of this place that you have seen.
                   A       B       C       D       E      F
               +-------+-------+-------+-------+-------+----------------------
         Total | 100.0 | 100.0 |  -nan |  -nan | 100.0 |  52.2
       Dungeon | 100.0 | 100.0 |  -nan |  -nan | 100.0 |  52.2
               +-------+-------+-------+-------+-------+----------------------

Vault maps used:
D:1:      minmay_arrival_solitary_statue
D:2:      led_sif_pool
D:3:      kiku_gazebo_pond_becter, dancing_weapons_uskayaw, uniq_natasha,
          uniq_grinder
D:4:      uniq_menkaure, uniq_robin
D:5:      first_bread, minmay_misc_feat_alley, kb_lookout_dungeons_type,
          sigmund_army
